cohdb
Replays
Latest Replays
All Replays
Popular Replays
Top Player Replays
Match Explorer
How It Works
Community
CoH3 Stats
Reddit
Sign in to upload your games and track your stats! →
Sign in with Steam
Match 45115249
Unlisted
Match 45115249
Overview
Messages
Build Orders
End
Construct Infanterie Kompanie
MG 42 Machine Gun Team
Grenadier Squad
Grenadier Squad
Construct Panzergrenadier Kompanie
Panzergrenadier Squad
Selects Terror Battlegroup
Panzergrenadier Officer Quarters
Selects Interrogate
Pak 40 Anti-tank Gun Team
Medical Station
Construct Panzer Kompanie
Selects Heavy Gunnery
Selects No Quarter
Phan
kamacura
Yumi
brn4meplz
WinterShade
Lionel23
0
0
Comments
sign in to comment!
No comments posted yet!